 Dungeon Crawl Stone Soup version 0.31-a0-879-g1609e0ac53 (webtiles) character file.

Game seed: 12010267817538079871

1325 Lugonue the Magician (level 8, 0/46 HPs)
             Began as a Deep Elf Venom Mage on Oct 14, 2023.
             Succumbed to a water moccasin's poison
             ... on level 5 of the Dungeon.
             The game lasted 00:14:17 (5984 turns).

Lugonue the Magician (Deep Elf Venom Mage)          Turns: 5984, Time: 00:14:18

Health: 0/46       AC:  7    Str:  7    XL:     8   Next: 34%
Magic:  16/18      EV: 13    Int: 21    God:
Gold:   245        SH:  0    Dex: 15    Spells: 8/18 levels left

rFire   . . .        r - +1 short sword (venom)
rCold   . . .        a - orb {light}
rNeg    . . .        j - +0 leather armour
rPois   .            (no helmet)
rElec   .            (no cloak)
rCorr   .            (no gloves)
SInv    .            (no boots)
Will    .....        (no amulet)
Stlth   +            m - +4 ring of protection
HPRegen 0.27/turn    (no ring)
MPRegen 0.16/turn

%: no passive effects
@: lethally poisoned (0 -> -39), glowing
A: no striking features
a: no special abilities


You were on level 5 of the Dungeon.
You visited 1 branch of the dungeon, and saw 5 of its levels.

You collected 245 gold pieces.

Inventory:

Hand Weapons
 c - a +1 dagger of flaming
 f - a +1 spectral short sword
 r - a +1 short sword of venom (weapon)
Armour
 a - an orb of light (worn)
 j - a +0 leather armour (worn)
Jewellery
 m - a +4 ring of protection (left hand)
 o - a ring of ice
 x - a +6 ring of strength
Wands
 d - a wand of flame (24)
 l - a wand of iceblast (8)
Scrolls
 e - 3 scrolls of teleportation
 h - a scroll of identify
 n - a scroll of torment {unknown}
 p - a scroll of fear {unknown}
 q - a scroll of immolation
 t - 2 scrolls of fog
 v - a scroll of poison
Potions
 b - 2 potions of magic
 g - a potion of ambrosia
 i - a potion of haste
 k - 3 potions of mutation
 s - a potion of enlightenment {unknown}
 u - a potion of attraction
 w - a potion of cancellation {unknown}


   Skills:
 * Level 3.0 Fighting
 * Level 4.1 Short Blades
 * Level 2.8 Armour
 * Level 5.2 Dodging
 + Level 2.8 Stealth
 + Level 5.5 Spellcasting
 + Level 2.5 Transmutations
 + Level 2.1 Air Magic
 + Level 5.1 Poison Magic
 + Level 0.3 Evocations


You had 8 spell levels left.
You knew the following spells:

 Your Spells              Type           Power      Damage    Failure   Level
a - Sting                 Tmut/Pois      88%        1d7       3%          1
b - Poisonous Vapours     Pois/Air       42%        N/A       4%          2
c - Mephitic Cloud        Conj/Pois/Air  16%        N/A       16%         3
d - Olgreb's Toxic Radia  Pois           27%        N/A       19%         4

Your spell library contained the following spells:

 Spells                   Type           Power      Damage    Failure   Level
 Cigotuvi's Dreadful Rot  Necr/Pois/Air  32%        N/A       9%          2
 Passwall                 Tmut/Erth      9%         N/A       13%         2
 Swiftness                Air            15%        N/A       19%         3
 Ensorcelled Hibernation  Hex/Ice        10%        N/A       22%         2
 Jinxbite                 Hex            10%        N/A       22%         2
 Frozen Ramparts          Ice            10%        1d2       41%         3
 Gell's Gravitas          Tloc           5%         N/A       41%         3
 Teleport Other           Tloc           5%         N/A       41%         3
 Petrify                  Tmut/Erth      11%        N/A       65%         4
 Anguish                  Hex/Necr       2%         N/A       83%         4
 Dispel Undead            Necr           5%         3d7       83%         4
 Metabolic Englaciation   Hex/Ice        2%         N/A       99%         5
 Death Channel            Necr           2%         N/A       100%        6
 Dispersal                Tloc           2%         N/A       100%        6


Dungeon Overview and Level Annotations

Branches:
Dungeon (5/15)
 Temple: D:4-7

Altars:
Qazlal


Message History

The water moccasin is lightly wounded.
The water moccasin closely misses you.
Casting: Sting (safe; 3% risk of failure)
Confirm with . or Enter, or press ? or * to list all spells.
Aiming: Sting (safe; 3% risk of failure)
Press: ? - help, Shift-Dir - straight line, f/p - water moccasin
Aim: a water moccasin (lightly wounded, very poisoned, haloed, 72% to hit)
The sting misses the water moccasin.
The water moccasin bites you.
You are poisoned.
The water moccasin poisons you!
Unknown command.
Casting: Sting (safe; 3% risk of failure)
Confirm with . or Enter, or press ? or * to list all spells.
Okay, then.
Unknown command.
As you read the scroll of teleportation, it crumbles to dust.
You feel strangely unstable.
You feel very sick.
The water moccasin bites you but does no damage.
You hit the water moccasin.
The water moccasin is moderately wounded.
You feel sick. The water moccasin misses you. The water moccasin bites you!
You are more poisoned.
The water moccasin poisons you!
You closely miss the water moccasin.
The water moccasin is moderately wounded.
You feel very sick. The water moccasin bites you.
You are more poisoned.
The water moccasin poisons you!
Unknown command.
* * * LOW HITPOINT WARNING * * *
You feel extremely sick.
The water moccasin attacks as it pursues you!
The water moccasin bites you.
* * * LOW HITPOINT WARNING * * *
You are more poisoned.
The water moccasin poisons you!
Your surroundings suddenly seem different.
You die...

...............#.......#..#.#.#
...............#.......#..#.#.#
#..............#.......#.##.#.#
#####.########.####.####.##.#.#
#. ###.............##.#.### ##
.........................
#>..........#######.#....
#...................#....
#.......@..#######..#'#.#
#..........# #......#
#..........# ####....(..
#..........# #.........#
..........# #.........#
..........# #..........
..........####....###..#
..................###.##
........####....#...#


There were no monsters in sight!

Vanquished Creatures
  Prince Ribbit (D:5)
  Edmund (D:5)
  Menkaure (D:5)
  A black bear (D:5)
  An ogre (D:5)
  2 phantoms
  A bullfrog (D:5)
  2 scorpions
  A jelly (D:5)
  A gnoll bouda (D:5)
  2 iguanas
  Natasha (thrice) (D:3)
  An orc wizard (D:3)
  5 adders
  6 gnolls
  3 worms
  2 dart slugs
  7 orcs
  8 ball pythons
  8 endoplasms
  5 giant cockroaches
  6 goblins
  8 hobgoblins
  3 jackals (D:2)
  10 kobolds
  4 quokkas
  3 bats
  A frilled lizard (D:1)
  5 rats
102 creatures vanquished.

Notes
Turn   | Place    | Note
-------+----------+-------------------------------------------
     0 | D:1      | Lugonue the Deep Elf Venom Mage began the quest for the
                  | Orb.
     0 | D:1      | Reached XP level 1. HP: 10/10 MP: 6/6
   402 | D:1      | Reached XP level 2. HP: 15/15 MP: 6/8
   503 | D:1      | Learned a level 2 spell: Poisonous Vapours
  1259 | D:2      | Reached XP level 3. HP: 12/19 MP: 2/10
  1721 | D:2      | Reached skill level 1 in Armour
  1769 | D:2      | Learned a level 3 spell: Mephitic Cloud
  1977 | D:2      | Reached XP level 4. HP: 22/24 MP: 7/11
  2004 | D:2      | Learned a level 4 spell: Olgreb's Toxic Radiance
  2058 | D:2      | Noticed a shining eye
  2059 | D:2      | Found a faded altar of an unknown god.
  2063 | D:2      | Noticed a great orb of eyes
  2063 | D:2      | Noticed a shining eye
  2063 | D:2      | Noticed a golden eye
  2710 | D:3      | Noticed Natasha
  2717 | D:3      | Killed Natasha
  2718 | D:3      | Reached skill level 1 in Fighting
  2718 | D:3      | Reached XP level 5. HP: 23/29 MP: 6/13
  2740 | D:3      | Reached skill level 1 in Short Blades
  2896 | D:3      | Noticed Natasha
  2904 | D:3      | Killed Natasha
  2910 | D:3      | Noticed Natasha
  2922 | D:3      | Killed Natasha
  3221 | D:3      | Noticed a phantom
  3354 | D:3      | Killed a phantom
  3355 | D:3      | Reached skill level 1 in Air Magic
  3355 | D:3      | Reached XP level 6. HP: 24/34 MP: 14/14
  3786 | D:4      | Reached skill level 5 in Spellcasting
  3786 | D:4      | Reached XP level 7. HP: 34/40 MP: 16/16
  4233 | D:5      | Entered Level 5 of the Dungeon
  4297 | D:5      | Noticed Menkaure
  4330 | D:5      | Killed Menkaure
  4812 | D:5      | Noticed Prince Ribbit
  4813 | D:5      | Found a stormy altar of Qazlal.
  4824 | D:5      | Noticed Edmund
  5296 | D:5      | Killed Prince Ribbit
  5297 | D:5      | Reached skill level 5 in Dodging
  5297 | D:5      | Reached XP level 8. HP: 31/45 MP: 16/18
  5810 | D:5      | Killed Edmund
  5811 | D:5      | Reached skill level 5 in Poison Magic
  5984 | D:5      | Succumbed to a water moccasin's poison

Illustrated notes

Levels and vault maps discovered:
D:1:      amcnicky_arrival_flooded_fountain, layout_loops_ring
D:2:      minmay_spotlight, layout_loops_ring,
          hellmonk_ecumenical_altar_watching_god, grunt_decor_junction,
          minmay_tetromino_o4
D:3:      layout_basic, uniq_natasha
D:4:      layout_cave_pools
D:5:      layout_basic, lemuel_tele_altar, minmay_temple_entry_statues,
          uniq_prince_ribbit1, uniq_edmund, uniq_menkaure

Skill      XL: |  1  2  3  4  5  6  7  8 |
---------------+-------------------------+-----
Armour         | 1 2 |  2.8
Poison Magic   | 4 5 |  5.1
Dodging        | 3 4 5 |  5.2
Spellcasting   | 4 5 |  5.5
Fighting       | 1 2 3 |  3.0
Short Blades   | 1 2 3 4 |  4.1
Air Magic      | 1 2 |  2.1
Transmutations | 2 |  2.5
Stealth        | |  2.8
Evocations     | |  0.3

Action                     |  1- 3 |  4- 6 |  7- 9 || total
---------------------------+-------+-------+-------++-------
  Melee: Short sword       |    44 |    66 |    56 ||   166
         Unarmed           |     2 |       |       ||     2
         Dagger            |       |    49 |    14 ||    63
   Cast: Sting             |    56 |    26 |     8 ||    90
         Poisonous Vapours |    19 |    19 |    15 ||    53
         Mephitic Cloud    |       |     1 |     2 ||     3
         Olgreb's Toxic Ra |       |     1 |     1 ||     2
  Evoke: Wand              |       |     2 |       ||     2
    Use: Scroll            |       |     6 |     5 ||    11
         Potion            |       |     1 |     5 ||     6
   Stab: Confused          |       |     1 |       ||     1
 Armour: Robe              |    15 |       |       ||    15
         Leather armour    |    32 |    75 |    45 ||   152
  Dodge: Dodged            |    56 |    75 |    46 ||   177

Table legend: (Time is in decaauts)
 A = Elapsed time spent in this place.
 B = Non-inter-level travel time spent in this place.
 C = Inter-level travel time spent in this place.
 D = Time resting spent in this place.
 E = Time spent auto-exploring this place.
 F = Levels seen in this place.
 G = Mean time per level.
                   A        B        C        D        E       F      G
               +--------+--------+--------+--------+--------+-----+--------+
         Total |   5961 |   5892 |     69 |   1010 |   3722 |   5 | 1192.2 |
       Dungeon |   5961 |   5892 |     69 |   1010 |   3722 |   5 | 1192.2 |
               +--------+--------+--------+--------+--------+-----+--------+

Top non-repeatable levels by time:
     D:5: 1540 daAuts
     D:2: 1484 daAuts
     D:3: 1218 daAuts
     D:1: 980 daAuts
     D:4: 737 daAuts
